 Dungeon Crawl Stone Soup version 0.22-a0-346-ga714374 (webtiles) character file.

14167 galech the Grappler (level 11, -1/113 HPs)
             Began as a Troll Monk on Apr 6, 2018.
             Was a High Priest of Okawaru.
             Slain by an orc warrior
             ... wielding a +0 halberd
             ... led by an orc warlord
              (4 damage)
             ... on level 10 of the Dungeon.
             The game lasted 00:18:18 (8640 turns).

galech the Grappler (Troll Monk)                    Turns: 8640, Time: 00:18:20

Health: -1/113     AC:  8    Str: 30    XL:     11   Next: 85%
Magic:  10/10      EV: 22    Int: 10    God:    Okawaru [*****.]
Gold:   830        SH:  6    Dex: 12    Spells: 10/10 levels left

rFire    + + .     SeeInvis .     - Unarmed
rCold    . . .     Gourm    +   (no shield)
rNeg     . . .     Faith    .   M - +2 robe "Qegec" {Str+4 Stlth+}
rPois    +         Spirit   .   (helmet restricted)
rElec    +         Reflect  +   X - +0 cloak {MR+}
rCorr    .         Harm     .   (gloves unavailable)
MR       +....                  (boots unavailable)
Stlth    ++++......             a - amulet of the Heavens {Reflect rElec rPois Int+4 SH+6}
HPRegen  0.68/turn              S - ring of the Three Coins {rPois rF++ Str+2 Stlth+}
MPRegen  0.12/turn              E - ring of Phasing {EV+8}

@: lethally poisoned (-1 -> -2)
A: large, unfitting armour, claws 3, fast metabolism 3, gourmand, regeneration
1, shaggy fur 1, tough skin 2
a: Heroism, Finesse, Renounce Religion


You were on level 10 of the Dungeon.
You worshipped Okawaru.
Okawaru was extremely pleased with you.
You were completely stuffed.

You visited 2 branches of the dungeon, and saw 12 of its levels.

You collected 830 gold pieces.

Inventory:

Armour
 M - the +2 robe "Qegec" (worn) {Str+4 Stlth+}
   (Okawaru gifted it to you on level 8 of the Dungeon)

   It affects your strength (+4).
   It makes you more stealthy.
 X - a +0 cloak of magic resistance (worn)
 Y - a +2 robe of cold resistance
Jewellery
 a - the amulet of the Heavens (around neck) {Reflect rElec rPois Int+4 SH+6}
   (You took it off an orc warrior on level 8 of the Dungeon)

   [amulet of reflection]

   It shields you and reflects attacks.
   It affects your intelligence (+4).
   It insulates you from electricity.
   It protects you from poison.
   It affects your SH (+6).
 j - an uncursed ring of resist corrosion
 k - the ring of Feles {rC+ Stlth+}
   (You found it on level 8 of the Dungeon)

   [ring of stealth]

   It protects you from cold.
   It makes you more stealthy.
 n - an uncursed ring of see invisible
 B - an uncursed amulet of magic regeneration
 E - the ring of Phasing (right claw) {EV+8}
   (You found it on level 6 of the Dungeon)

   [ring of evasion]

   It affects your evasion (+8).
 H - an uncursed ring of protection from fire
 J - an uncursed ring of ice
 N - an uncursed amulet of faith
 S - the ring of the Three Coins (left claw) {rPois rF++ Str+2 Stlth+}
   (You took it off a kobold demonologist on level 8 of the Dungeon)

   [ring of stealth]

   It affects your strength (+2).
   It greatly protects you from fire.
   It protects you from poison.
   It makes you more stealthy.
 T - the ring "Puselism" {Str+5 Int-4}
   (You took it off a crimson imp on level 8 of the Dungeon)

   [ring of intelligence]

   It affects your strength (+5).
   It affects your intelligence (-4).
 W - a +3 ring of protection {unknown}
Wands
 p - a wand of polymorph (21)
 r - a wand of acid (14)
 y - a wand of clouds (5)
 A - a wand of random effects (20)
 C - a wand of paralysis (20)
 F - a wand of iceblast (6)
Scrolls
 c - 3 scrolls of teleportation
 g - a scroll of fear
 i - 2 scrolls of immolation
 m - 2 scrolls of enchant armour
 q - 4 scrolls of remove curse
 s - 5 scrolls of amnesia {unknown}
 u - 4 scrolls of magic mapping {unknown}
 x - a scroll of random uselessness {unknown}
 z - 3 scrolls of enchant weapon {unknown}
 D - a scroll of blinking {unknown}
 I - 2 scrolls of acquirement {unknown}
 P - a scroll of noise
 V - a scroll of identify
Potions
 d - a potion of degeneration {unknown}
 e - 3 potions of might {unknown}
 f - 2 potions of agility {unknown}
 h - 3 potions of lignification {unknown}
 l - 2 potions of resistance {unknown}
 o - 3 potions of haste {unknown}
 t - a potion of experience {unknown}
 v - 5 potions of curing {unknown}
 w - 3 potions of heal wounds {unknown}
 G - a potion of flight {unknown}
 K - a potion of brilliance {unknown}
 L - a potion of invisibility {unknown}
 O - 4 potions of mutation {unknown}
 Q - a potion of cancellation {unknown}
 R - a potion of ambrosia {unknown}
Comestibles
 b - 23 rations
 U - 3 chunks of flesh


   Skills:
 + Level 8.6 Fighting
 + Level 8.6 Dodging
 - Level 1.1 Stealth
 * Level 13.5 Unarmed Combat


You had 10 spell levels left.
You didn't know any spells.

Dungeon Overview and Level Annotations

Branches:
Dungeon (10/15)            Temple (0/1) D:4             Orc (2/2) D:10
   Lair: D:8-11         Elf: Orc:2

Altars:
Dithmenos
Fedhas
Gozag
Kikubaaqudgha
Makhleb
Nemelex Xobeh
Okawaru
Qazlal
Ru
Trog
Vehumet
Yredelemnul
Zin
The Shining One

Shops:
D:5 [   D:9 [


Innate Abilities, Weirdness & Mutations

You are too large for most types of armour.
You have claws for hands.
Your metabolism is lightning-fast.
You like to eat raw meat.
Your natural rate of healing is unusually fast.
You are covered in fur. (AC +1)
You have very tough skin. (AC +2)


Message History

You climb upwards.
Welcome back to the Dungeon!
There is a staircase to the Orcish Mines here.
Unknown command.
You can't go up here!
You block the orc's attack. The orc misses you.
The orc warlord hits you with a bardiche of venom!!
* * * LOW HITPOINT WARNING * * *
You are poisoned.
The orc warrior barely misses you.
Things that are here:
a scale mail; a whip
* * * LOW HITPOINT WARNING * * *
You feel sick. The orc completely misses you.
The orc warlord closely misses you.
You feel sick.
You feel sick.
* * * LOW HITPOINT WARNING * * *
You feel sick.
The orc warrior hits you from afar with a halberd.
You die...

####..##.##..)...##.#............
.##..#.....#.).....##............
###..##.#.#.[##.##.##............
# #..#.##..#)#..#..##............
###..#.#..).####.##............
####........[>oo.##.#............
..####.###..#.)#o.###............
..# #.#...#.#oo.####............
#######..##.....@..##......######
#.#.#....#.##...##......#
#...##..#.##....##......######
#####.#.#.###..###.##............
..##.........##..#.##............
..#..#.##..###.###.######[.......
....##.#.###......## #..######
..######## #####..# #..#
..##############.########..######


You could see an orc warlord, 2 orc warriors and 2 orcs.

Vanquished Creatures
  Snorg (D:10)
  A centaur warrior (D:8)
  4 two-headed ogres
  An orc high priest (D:10)
  A cyclops (D:8)
  An orc sorcerer (Orc:1)
  A kobold demonologist (D:8)
  Grinder (D:6)
  A troll (D:10)
  A hippogriff (D:8)
  A human (D:10)
  A wraith (D:10)
  4 yaks (D:9)
  4 hogs (D:10)
  A hungry ghost (D:7)
  A warg (D:10)
  2 water moccasins
  Duvessa (D:5)
  11 orc warriors
  A black bear (D:7)
  2 sky beasts (D:8)
  An eye of draining (D:10)
  A necrophage (D:10)
  An ice beast (D:9)
  11 ogres
  6 centaurs
  4 bullfrogs
  3 big kobolds
  A gnoll sergeant (D:7)
  A wyvern zombie (D:8)
  8 scorpions
  Dowan (D:5)
  10 killer bees
  4 howler monkeys
  5 crimson imps
  3 bullfrog zombies
  3 hounds
  7 orc priests
  8 orc wizards
  3 bullfrog skeletons
  2 centaur skeletons
  Ijyb (D:3)
  An iguana (D:8)
  7 worker ants
  4 gnolls (D:7)
  12 adders
  A shadow imp (D:5)
  An ooze (D:1)
  A dart slug (D:3)
  9 leopard geckos
  50 orcs
  8 giant cockroaches
  5 goblins
  6 hobgoblins
  16 jackals
  9 quokkas
  6 bats
  6 frilled lizards
  11 kobolds
  A quokka skeleton (D:4)
  7 rats
287 creatures vanquished.

Vanquished Creatures (others)
  An orc wizard (D:8)
  2 jackals (D:5)
3 creatures vanquished.

Grand Total: 290 creatures vanquished

Notes
Turn   | Place    | Note
-------+----------+-------------------------------------------
     0 | D:1      | galech the Troll Monk began the quest for the Orb.
     0 | D:1      | Reached XP level 1. HP: 22/22 MP: 0/0
    80 | D:1      | Reached XP level 2. HP: 29/29 MP: 1/1
   735 | D:2      | Reached XP level 3. HP: 34/36 MP: 2/2
  1159 | D:2      | Found an ancient bone altar of Kikubaaqudgha.
  1162 | D:2      | Found an iron altar of Okawaru.
  1168 | D:2      | Became a worshipper of Warmaster Okawaru
  1168 | D:2      | Reached * piety under Okawaru
  1168 | D:2      | Reached ** piety under Okawaru
  1407 | D:3      | Found a burning altar of Makhleb.
  1409 | D:3      | Found an opulent altar of Gozag.
  1409 | D:3      | Found a radiant altar of Vehumet.
  1426 | D:3      | Found a sacrificial altar of Ru.
  1586 | D:3      | Reached XP level 4. HP: 39/44 MP: 3/3
  1799 | D:3      | Noticed Ijyb
  1813 | D:3      | Killed Ijyb
  1813 | D:3      | Reached skill level 4 in Unarmed Combat
  2368 | D:4      | Reached XP level 5. HP: 38/53 MP: 4/4
  2440 | D:4      | Found a bloodstained altar of Trog.
  2496 | D:4      | Found a staircase to the Ecumenical Temple.
  2581 | D:4      | Found a bloodstained altar of Trog.
  2582 | D:4      | Found a shadowy altar of Dithmenos.
  2643 | D:4      | Reached skill level 5 in Unarmed Combat
  2643 | D:4      | Reached XP level 6. HP: 52/61 MP: 5/5
  2799 | D:4      | Reached *** piety under Okawaru
  3033 | D:5      | Entered Level 5 of the Dungeon
  3124 | D:5      | Found a burning altar of Makhleb.
  3135 | D:5      | Reached XP level 7. HP: 45/68 MP: 6/6
  3138 | D:5      | Reached skill level 6 in Unarmed Combat
  3416 | D:5      | Found a glowing golden altar of the Shining One.
  3421 | D:5      | Found a basalt altar of Yredelemnul.
  3423 | D:5      | Noticed a profane servitor
  3475 | D:5      | Noticed Dowan
  3478 | D:5      | Noticed Duvessa
  3482 | D:5      | Killed Dowan
  3489 | D:5      | Killed Duvessa
  3489 | D:5      | Reached **** piety under Okawaru
  3489 | D:5      | Reached skill level 7 in Unarmed Combat
  3493 | D:5      | Reached XP level 8. HP: 16/79 MP: 4/7
  3638 | D:5      | Found Tauf's Antique Armour Shop.
  3688 | D:5      | Found a blossoming altar of Fedhas.
  3780 | D:5      | Found a blossoming altar of Fedhas.
  3970 | D:6      | Found the ring of Phasing {EV+8}
  3977 | D:6      | Reached skill level 5 in Dodging
  4201 | D:6      | Reached skill level 5 in Fighting
  4201 | D:6      | Reached skill level 8 in Unarmed Combat
  4330 | D:6      | Found a sparkling altar of Nemelex Xobeh.
  4466 | D:6      | Noticed Grinder
  4480 | D:6      | Killed Grinder
  4523 | D:6      | Reached ***** piety under Okawaru
  4770 | D:7      | Reached XP level 9. HP: 81/88 MP: 8/8
  4815 | D:7      | Reached skill level 9 in Unarmed Combat
  5590 | D:8      | Reached skill level 10 in Unarmed Combat
  5728 | D:8      | Noticed a two-headed ogre
  5734 | D:8      | Killed a two-headed ogre
  5734 | D:8      | Received a gift from Okawaru
  5737 | D:8      | Reached XP level 10. HP: 62/100 MP: 6/9
  5744 | D:8      | Got a wizard robe {god gift}
  5763 | D:8      | Identified the +2 robe "Qegec" {Str+4 Stlth+} (Okawaru gifted it to you on level 8 of the Dungeon)
  5869 | D:8      | Found a stormy altar of Qazlal.
  6207 | D:8      | Noticed a two-headed ogre
  6214 | D:8      | Killed a two-headed ogre
  6214 | D:8      | Reached skill level 11 in Unarmed Combat
  6373 | D:8      | Noticed a cyclops
  6373 | D:8      | Noticed a centaur warrior
  6382 | D:8      | Killed a cyclops
  6387 | D:8      | Got a transparent lead ring
  6396 | D:8      | Identified the ring of Feles {rC+ Stlth+} (You found it on level 8 of the Dungeon)
  6543 | D:8      | Killed a centaur warrior
  6601 | D:8      | Got a shimmering emerald amulet
  6603 | D:8      | Identified the amulet of the Heavens {Reflect rElec rPois Int+4 SH+6} (You took it off an orc warrior on level 8 of the Dungeon)
  6665 | D:8      | Got a scorched wooden ring
  6670 | D:8      | Identified the ring of the Three Coins {rPois rF++ Str+2 Stlth+} (You took it off a kobold demonologist on level 8 of the Dungeon)
  6680 | D:8      | Got a scintillating steel ring
  6684 | D:8      | Identified the cursed ring "Puselism" {Str+5 Int-4} (You took it off a crimson imp on level 8 of the Dungeon)
  6794 | D:8      | Found a glowing silver altar of Zin.
  6934 | D:9      | Reached skill level 12 in Unarmed Combat
  7193 | D:9      | Found Upeiklemn's Antique Armour Emporium.
  7395 | D:9      | You fall through a shaft!
  7395 | D:10     | Entered Level 10 of the Dungeon
  7402 | D:10     | Reached XP level 11. HP: 104/109 MP: 10/10
  7484 | D:10     | Noticed a two-headed ogre
  7488 | D:10     | Killed a two-headed ogre
  7750 | D:10     | Found a staircase to the Orcish Mines.
  8077 | D:10     | Noticed Snorg
  8088 | D:10     | Killed Snorg
  8088 | D:10     | Received a gift from Okawaru
  8229 | Orc:1    | Entered Level 1 of the Orcish Mines
  8229 | Orc:1    | Noticed an orc sorcerer
  8232 | Orc:1    | Killed an orc sorcerer
  8232 | Orc:1    | Received a gift from Okawaru
  8232 | Orc:1    | Reached skill level 13 in Unarmed Combat
  8236 | Orc:1    | Noticed an orc high priest
  8319 | D:10     | Killed an orc high priest
  8483 | Orc:2    | Entered Level 2 of the Orcish Mines
  8483 | Orc:2    | Noticed an orc warlord
  8483 | Orc:2    | Noticed a two-headed ogre
  8487 | Orc:2    | Killed a two-headed ogre
  8637 | D:10     | HP: 5/113 [poisoned by an orc warlord]
  8640 | D:10     | Slain by an orc warrior

Vault maps used:
D:1:      grunt_arrival_crossed_arrows
D:2:      minitemple
D:3:      nicolae_overflow_quartered_altars, kennysheep_generic_room_15,
          uniq_ijyb
D:4:      nicolae_overflow_hidden_temple, minmay_temple_entry_statues_pillars,
          first_ration, bloody_trog
D:5:      grunt_temple_overflow_holy_war, serial_shops, nicolae_shop_stone,
          hangedman_feature_mirror, fedhas_altar_3, uniq_duvessa
D:6:      kennysheep_spiral_hall, nemelex_spade_bored_becter, uniq_grinder
D:8:      minmay_the_grid_triangle_9x9_rhombus_thin,
          lemuel_coloured_pillars_altar, basic_altar
D:9:      serial_shops, shop, serial_bayou_pond_e
D:10:     erik_orc_3, grunt_livestock, uniq_snorg
Orc:1:    serial_shops, nicolae_shop_stone
Orc:2:    st_orc_rangers, lemuel_statue_altar

Skill      XL: |  1  2  3  4  5  6  7  8  9 10 11 |
---------------+----------------------------------+-----
Dodging        | 3 4 5 6 7 8 |  8.6
Fighting       | 3 4 5 6 7 8 |  8.6
Unarmed Combat | 4 5 7 8 10 12 13 | 13.5
Stealth        | |  1.1

Action                   |  1- 3 |  4- 6 |  7- 9 | 10-12 || total
-------------------------+-------+-------+-------+-------++-------
Melee: Unarmed           |    74 |   130 |   294 |   337 ||   835
       Punch             |       |     6 |    12 |    17 ||    35
Invok: Heroism           |       |     1 |     4 |     4 ||     9
  Use: Scroll            |       |       |     6 |     2 ||     8
 Stab: Sleeping          |       |     8 |     3 |     5 ||    16
       Distracted        |       |     1 |       |       ||     1
  Eat: Chunk             |    20 |    14 |    30 |    27 ||    91
Armor: Robe              |    23 |    32 |    31 |    38 ||   124
Dodge: Dodged            |    30 |    74 |   247 |   274 ||   625
Block: Other             |       |       |       |    90 ||    90
       Reflection        |       |       |       |     2 ||     2

Table legend:
 A = Spawn XP
 B = Non-spawn XP
 C = Spawn XP percentage of total XP
 D = Spawn monster count
 E = Non-spawn monster count
 F = Spawn count percentage of total count
 G = Total turns spent on level
                    A         B        C        D         E        F      G
               +---------+---------+-------+---------+---------+-------+---------
         Total |       0 |   20239 |   0.0 |       0 |     287 |   0.0 |  8640
               +---------+---------+-------+---------+---------+-------+---------
           D:1 |       0 |      40 |   0.0 |       0 |      21 |   0.0 |   646
           D:2 |       0 |      21 |   0.0 |       0 |       6 |   0.0 |   691
           D:3 |       0 |     100 |   0.0 |       0 |      23 |   0.0 |   967
           D:4 |       0 |     453 |   0.0 |       0 |      20 |   0.0 |   737
           D:5 |       0 |     931 |   0.0 |       0 |      29 |   0.0 |   838
           D:6 |       0 |    1201 |   0.0 |       0 |      21 |   0.0 |   878
           D:7 |       0 |     912 |   0.0 |       0 |      31 |   0.0 |   706
           D:8 |       0 |    6003 |   0.0 |       0 |      46 |   0.0 |  1442
           D:9 |       0 |    1475 |   0.0 |       0 |      21 |   0.0 |   549
          D:10 |       0 |    6564 |   0.0 |       0 |      54 |   0.0 |   862
         Orc:1 |       0 |    1373 |   0.0 |       0 |      11 |   0.0 |   311
         Orc:2 |       0 |    1166 |   0.0 |       0 |       4 |   0.0 |    13
               +---------+---------+-------+---------+---------+-------+---------
